Map: Disco Bloodbath LE

Players

Cyan - Winner!

  • Race: Protoss Protoss
  • Spawn Location: 9:00

Harstem

  • Race: Protoss Protoss
  • Spawn Location: 3:00

VOD

Have the link to the VOD?

Description

Time

  • Played on: Sept. 7, 2019, 10:17 a.m.
  • Length: 5:05
Show
View Real Time Build Order
Export as new Build Order

Cyan Protoss - Winner!

Build Orders:  

Get SALT Encoding   

  12  0:00  Probe  
  13  0:12  Probe  
  14  0:17  Pylon  
  14  0:24  Probe  
  15  0:32  Probe  
  15  0:37  Gateway  
  15  0:40  Probe  
  16  0:45  Assimilator  
  17  0:51  Probe  
  17  0:54  Assimilator  
  18  0:59  Probe  
  19  1:07  Gateway  
  19  1:08  Probe  
  19  1:17  Probe  
  20  1:25  Cybernetics Core  
  21  1:29  Probe  
  22  1:37  Pylon  
  22  1:41  Probe  
  24  2:02  Robotics Facility  
  24  2:04  Stalker  
  24  2:05  Warp Gate  
  25  2:10  Stalker  
  27  2:17  Pylon  
  27  2:34  Stalker  
  28  2:40  Immortal, Stalker  
  34  3:00  Gateway  
  34  3:09  Warp Prism  
  36  3:23  Pylon  
  36  3:46  Observer  
  35  4:03  Stalker x3  
  35  4:08  Pylon  
  35  4:09  Observer  
  41  4:28  Stalker x3  
  51  4:58  Stalker  
  47  5:04  Stalker x3  
Show
View Real Time Build Order
Export as new Build Order

Harstem Protoss 

Build Orders: Phoenix Opening 

Get SALT Encoding   

  12  0:00  Probe  
  13  0:12  Probe  
  14  0:17  Pylon  
  14  0:24  Probe  
  15  0:32  Probe  
  15  0:37  Gateway  
  15  0:40  Probe  
  16  0:46  Assimilator  
  17  0:51  Probe  
  17  0:54  Assimilator  
  18  0:59  Probe  
  19  1:07  Probe  
  19  1:08  Gateway  
  19  1:17  Probe  
  20  1:24  Cybernetics Core  
  21  1:29  Probe  
  22  1:34  Pylon  
  22  1:41  Probe  
  24  1:54  Probe  
  24  2:01  Warp Gate, Sentry, Stalker  
  28  2:10  Pylon  
  28  2:23  Pylon  
  28  2:29  Stargate  
  28  2:37  Phoenix  
  28  2:38  Stalker  
  30  2:51  Probe, Nexus  
  31  3:01  Stalker  
  31  3:05  Probe  
  34  3:08  Phoenix  
  37  3:20  Pylon  
  36  3:28  Shield Battery  
  36  3:32  Shield Battery  
  36  3:34  Void Ray  
  35  3:51  Zealot x2  
  37  4:00  Probe  
  37  4:04  Pylon  
  37  4:06  Shield Battery  
  37  4:14  Sentry  
  38  4:24  Pylon  
  38  4:27  Gateway  
  38  4:29  Shield Battery  
  38  4:45  Sentry  
Tags
 
Add a new tag
Caveats
  • Supply blocks, unpowered buildings, or Contaminate may cause inaccurate times.
  • Supply counts are checked every 10 seconds.